[Event "FIDE WCCC Girls-10 2024"]
[Site "Montesilvano"]
[Date "2024.11.18"]
[Round "4.1"]
[White "Filippova, Milana"]
[Black "Berikkyzy Alanna"]
[Result "0-1"]
[Annotator "RC"]
[ECO "B30"]
[WhiteElo "1687"]
[BlackElo "2043"]
[PlyCount "90"]
[EventDate "2024.11.18"]
[EventType "swiss"]
[EventCountry "ITA"]
[SourceTitle "playchess.com"]
[Source "ChessBase"]
[SourceQuality "1"]
[TimeControl "5400+30"]

1. e4 c5 2. Nf3 Nc6 3. Bb5 Nf6 4. Nc3 Qc7 5. O-O e5 6. Nd5 Nxd5 7. exd5 Nd4 8. Nxd4 cxd4 9. Re1 Bd6 10. Bd3 O-O 11. g4 Qd8 12. Qf3 Qg5 13. Kh1 Qh4 14. Qg3 Qxg3 15. hxg3 b6 16. Kg2 Bb7 17. Be4 Rac8 18. c3 Rfe8 19. b3 dxc3 20. dxc3 Rxc3 21. Bb2 Rcc8 22. Rac1 g6 23. g5 Bb4 24. Red1 Be7 25. Rxc8 Rxc8 26. Bxe5 Bxg5 27. g4 Re8 28. f4 Bxf4 29. Bxf4 Rxe4 30. Kf3 Re8 31. g5 f6 32. gxf6 Kf7 33. Kg4 Kxf6 34. Bg5+ Kg7 35. Rd2 h6 36. Bh4 g5 37. Bf2 Kg6 38. d6 h5+ 39. Kh3 h4 40. Rc2 Kh5 41. Rc7 g4+ 42. Kh2 Bc6 43. Rxa7 Re2 44. Kg1 g3 45. Bxb6 Re1# 0-1

[Event "FIDE WCCC Girls-10 2024"]
[Site "Montesilvano"]
[Date "2024.11.18"]
[Round "4.2"]
[White "Wang, Yi Xuan"]
[Black "Yang, Aimee"]
[Result "0-1"]
[Annotator "NA RC"]
[ECO "D80"]
[WhiteElo "1668"]
[BlackElo "1864"]
[PlyCount "100"]
[EventDate "2024.11.18"]
[EventType "swiss"]
[EventCountry "ITA"]
[SourceTitle "playchess.com"]
[Source "ChessBase"]
[SourceQuality "1"]
[TimeControl "5400+30"]

1. d4 Nf6 2. c4 g6 3. Nc3 d5 4. h4 h5 5. Bg5 Bg7 6. Nf3 c6 7. e3 Nbd7 8. Bd3 dxc4 9. Bxc4 b5 10. Bd3 O-O 11. O-O Qb6 12. Rc1 a6 13. e4 e5 14. dxe5 Ng4 15. Be2 Ndxe5 16. Nxe5 Bxe5 17. Bxg4 Bxg4 18. Qb3 a5 19. Na4 Qd4 20. Nc5 Qxb2 21. Qxb2 Bxb2 22. Rc2 Bg7 23. f3 Bc8 24. Rd1 Be5 25. Bh6 Re8 26. f4 Bg4 27. Rdd2 Bf6 28. g3 Rad8 29. e5 Be7 30. Rxd8 Rxd8 31. Nb7 Rd1+ 32. Kg2 Bf5 33. Re2 a4 34. Bg5 Bf8 35. Bf6 c5 36. Nd6 Bd3 37. Re3 Rd2+ 38. Kg1 Bb1 39. Nxb5 Bxa2 40. Nc3 Bb3 41. Re4 a3 42. Re1 Rc2 43. Nb1 a2 44. Na3 Re2 45. Ra1 Bg7 46. Bg5 Rd2 47. f5 Rd1+ 48. Kf2 Rxa1 49. e6 fxe6 50. fxe6 Rf1+ 0-1

[Event "FIDE WCCC Girls-10 2024"]
[Site "Montesilvano"]
[Date "2024.11.18"]
[Round "4.3"]
[White "Cetin, Beren"]
[Black "Nandinjiguur, Chinzorig"]
[Result "1/2-1/2"]
[Annotator "NA RC"]
[ECO "C55"]
[WhiteElo "1658"]
[BlackElo "1807"]
[PlyCount "107"]
[EventDate "2024.11.18"]
[EventType "swiss"]
[EventCountry "ITA"]
[SourceTitle "playchess.com"]
[Source "ChessBase"]
[SourceQuality "1"]
[TimeControl "5400+30"]

1. e4 e5 2. Nf3 Nc6 3. Bc4 Nf6 4. d3 Be7 5. c3 O-O 6. Nbd2 d6 7. Qe2 Na5 8. Bb5 a6 9. Ba4 b5 10. Bc2 c5 11. d4 Qc7 12. dxe5 dxe5 13. O-O Be6 14. Rd1 Nc4 15. Nf1 Nh5 16. b3 Na5 17. Ng5 Nf4 18. Bxf4 exf4 19. Qh5 Bxg5 20. Qxg5 f6 21. Qh5 Bf7 22. Qh3 Qe5 23. Nd2 Be6 24. Qh4 Qxc3 25. Rac1 Rfd8 26. Qxf4 g5 27. Qf3 Qxf3 28. Nxf3 Bg4 29. Rd5 Nb7 30. Rcd1 Be6 31. Rxd8+ Rxd8 32. Rxd8+ Nxd8 33. e5 g4 34. Ne1 fxe5 35. f3 Nc6 36. Nd3 c4 37. Nc5 cxb3 38. Bxb3 Bxb3 39. axb3 gxf3 40. Nxa6 fxg2 41. Kxg2 Nd4 42. Nc7 Kf7 43. Kf2 Kf6 44. Ke3 Kf5 45. Ne8 h5 46. Nc7 h4 47. h3 Nxb3 48. Nxb5 Nc5 49. Nd6+ Ke6 50. Nc4 Nd7 51. Nd2 Nf6 52. Nf3 Nd5+ 53. Ke4 Nf6+ 54. Ke3 1/2-1/2

[Event "FIDE WCCC Girls-10 2024"]
[Site "Montesilvano"]
[Date "2024.11.18"]
[Round "4.4"]
[White "Sholpanbek, Zhansaya"]
[Black "Peng, Jingyi(Gd)"]
[Result "1/2-1/2"]
[Annotator "NA RC"]
[ECO "B31"]
[WhiteElo "1657"]
[BlackElo "1720"]
[PlyCount "161"]
[EventDate "2024.11.18"]
[EventType "swiss"]
[EventCountry "ITA"]
[SourceTitle "playchess.com"]
[Source "ChessBase"]
[SourceQuality "1"]
[TimeControl "5400+30"]

1. e4 c5 2. Nf3 Nc6 3. Bb5 g6 4. O-O Bg7 5. Re1 e5 6. c3 Nge7 7. Na3 a6 8. Bf1 b5 9. Nc2 d6 10. d4 O-O 11. dxc5 dxc5 12. Be3 c4 13. a4 Bb7 14. Na3 Qb8 15. axb5 axb5 16. Nxb5 Rd8 17. Qc2 Na5 18. Na3 Rc8 19. Rad1 Bc6 20. Nd2 Bb5 21. Nxb5 Qxb5 22. Ra1 Rab8 23. Qa4 Nb3 24. Qxb5 Rxb5 25. Bxc4 Nxa1 26. Bxb5 Nc2 27. Re2 Nxe3 28. Rxe3 Rb8 29. c4 Rd8 30. Nf3 f5 31. Kf1 Rd1+ 32. Re1 Rxe1+ 33. Kxe1 fxe4 34. Nd2 e3 35. fxe3 e4 36. b3 Nf5 37. Nxe4 Nxe3 38. Kf2 Bd4 39. Kf3 Nc2 40. c5 Be5 41. Bc4+ Kf8 42. Ng5 h6 43. Ne6+ Ke7 44. c6 Nd4+ 45. Nxd4 Bxd4 46. b4 Bb6 47. Ke4 Kd6 48. b5 Kc5 49. Bd3 Bc7 50. h3 h5 51. Kf3 g5 52. g3 h4 53. gxh4 gxh4 54. Kg4 Bg3 55. c7 Bxc7 56. Kxh4 Kd4 57. Bf1 Ke5 58. Kg5 Bd8+ 59. Kg6 Kf4 60. Kf7 Kg5 61. Bd3 Kh6 62. Ke8 Bb6 63. Kf7 Bd8 64. Bg6 Bb6 65. h4 Bd8 66. h5 Bb6 67. Ke8 Kg7 68. Kd7 Kh8 69. Kc6 Bf2 70. b6 Bg3 71. b7 Bb8 72. Kd7 Be5 73. Kc8 Bf4 74. b8=Q Bxb8 75. Kxb8 Kg7 76. Kc7 Kh8 77. Kd7 Kg8 78. Ke6 Kh8 79. h6 Kg8 80. Kf6 Kh8 81. h7 1/2-1/2

[Event "FIDE WCCC Girls-10 2024"]
[Site "Montesilvano"]
[Date "2024.11.18"]
[Round "4.5"]
[White "Nguyen Doan, Bao Anh Angelina"]
[Black "Tselmuun, Ider"]
[Result "1/2-1/2"]
[Annotator "NA RC"]
[ECO "C12"]
[WhiteElo "1628"]
[BlackElo "1846"]
[PlyCount "87"]
[EventDate "2024.11.18"]
[EventType "swiss"]
[EventCountry "ITA"]
[SourceTitle "playchess.com"]
[Source "ChessBase"]
[SourceQuality "1"]
[TimeControl "5400+30"]

1. e4 e6 2. d4 d5 3. Nc3 Nf6 4. Bg5 Bb4 5. e5 h6 6. Bd2 Bxc3 7. Bxc3 Ne4 8. Ne2 Nxc3 9. Nxc3 O-O 10. Qd2 c5 11. O-O-O Nc6 12. Ne2 cxd4 13. f4 Bd7 14. Nxd4 Nxd4 15. Qxd4 Qa5 16. Kb1 Rac8 17. g4 Ba4 18. Bd3 Bb5 19. Bxb5 Qxb5 20. h4 Rc4 21. Qd2 Rfc8 22. Rc1 Rb4 23. c3 Re4 24. Rce1 Rcc4 25. Rhf1 Rxe1+ 26. Rxe1 Re4 27. g5 hxg5 28. hxg5 Rxe1+ 29. Qxe1 Qd3+ 30. Kc1 Qc4 31. Qh4 Qxa2 32. g6 Qa1+ 33. Kc2 Qa4+ 34. Kd2 fxg6 35. Qd8+ Kf7 36. Qc7+ Kf8 37. Qd6+ Kf7 38. Qc7+ Ke8 39. Qb8+ Ke7 40. Qd6+ Kf7 41. Qc7+ Ke8 42. Qb8+ Kf7 43. Qc7+ Kg8 44. Qd8+ 1/2-1/2

[Event "FIDE WCCC Girls-10 2024"]
[Site "Montesilvano"]
[Date "2024.11.18"]
[Round "4.6"]
[White "Anistoroaei, Maria"]
[Black "Mukhorina, Mariya Dm"]
[Result "1-0"]
[Annotator "NA RC"]
[ECO "E71"]
[WhiteElo "1715"]
[BlackElo "1567"]
[PlyCount "125"]
[EventDate "2024.11.18"]
[EventType "swiss"]
[EventCountry "ITA"]
[SourceTitle "playchess.com"]
[Source "ChessBase"]
[SourceQuality "1"]
[TimeControl "5400+30"]

1. c4 Nf6 2. Nc3 g6 3. d4 Bg7 4. e4 d6 5. h3 O-O 6. Bg5 Nbd7 7. Bd3 c5 8. d5 h6 9. Be3 Ne8 10. Qd2 Kh7 11. g4 Ne5 12. Be2 e6 13. f4 exd5 14. exd5 Nd7 15. Nf3 Nc7 16. O-O Re8 17. Bd3 Nb6 18. Kh2 Bd7 19. Rg1 Na4 20. Nxa4 Bxa4 21. Rae1 Bd7 22. Qc2 Qf6 23. f5 Kh8 24. Rg2 Rxe3 25. Rxe3 g5 26. a3 b5 27. b4 cxb4 28. axb4 a5 29. Rge2 a4 30. Qa2 Na6 31. Qa3 Qc3 32. Qxc3 Bxc3 33. cxb5 Nxb4 34. Bc4 Bf6 35. Ra3 Rc8 36. Rxa4 Rxc4 37. Ra8+ Kg7 38. b6 Nxd5 39. b7 Rb4 40. b8=Q Rxb8 41. Rxb8 Nf4 42. Ra2 Bc6 43. Kg3 h5 44. gxh5 Nxh5+ 45. Kg4 Kh6 46. Rc2 Be4 47. Rcc8 d5 48. Rh8+ Bxh8 49. Rxh8+ Kg7 50. Rxh5 f6 51. h4 Bc2 52. hxg5 fxg5 53. Kxg5 Bd1 54. Rh3 Kf7 55. Ne5+ Ke7 56. Rh6 d4 57. Re6+ Kf8 58. Kf6 Bh5 59. Ng6+ Bxg6 60. fxg6 d3 61. g7+ Kg8 62. Re8+ Kh7 63. Rh8# 1-0

[Event "FIDE WCCC Girls-10 2024"]
[Site "Montesilvano"]
[Date "2024.11.18"]
[Round "4.7"]
[White "Tykalova, Barbora"]
[Black "Artemenko, Isabella"]
[Result "0-1"]
[Annotator "NA RC"]
[ECO "C55"]
[WhiteElo "1596"]
[BlackElo "1637"]
[PlyCount "112"]
[EventDate "2024.11.18"]
[EventType "swiss"]
[EventCountry "ITA"]
[SourceTitle "playchess.com"]
[Source "ChessBase"]
[SourceQuality "1"]
[TimeControl "5400+30"]

1. e4 e5 2. Nf3 Nc6 3. Bc4 Nf6 4. d3 Be7 5. Nc3 O-O 6. O-O d6 7. h3 Na5 8. Bb3 Nxb3 9. axb3 Bd7 10. Be3 a6 11. Nd2 Bc6 12. f4 exf4 13. Bxf4 d5 14. e5 Bc5+ 15. Kh1 Nd7 16. Qg4 Qe7 17. Bg5 Qe6 18. Qg3 h6 19. Bf4 Rfe8 20. Rae1 Nf8 21. Nf3 Rad8 22. d4 Bb4 23. Nh2 Qg6 24. Qf2 Ne6 25. Be3 Rd7 26. Ng4 Ng5 27. Qe2 Bxc3 28. bxc3 Ne4 29. Qf3 h5 30. e6 hxg4 31. exd7 gxf3 32. dxe8=Q+ Bxe8 33. Rxf3 Kf8 34. Bf4 c6 35. Kh2 Bd7 36. c4 Be6 37. cxd5 cxd5 38. Rfe3 Qf6 39. Be5 Qg5 40. Rxe4 dxe4 41. Rxe4 Qd2 42. c4 Qd3 43. Rh4 f6 44. d5 fxe5 45. dxe6 Ke7 46. Rg4 Qh7 47. c5 Kxe6 48. Rb4 g6 49. Rb6+ Kf5 50. c6 bxc6 51. Rxc6 Qb7 52. Rc3 Qb4 53. Rf3+ Ke6 54. g3 Qd2+ 55. Kg1 e4 56. Rf1 e3 0-1

[Event "FIDE WCCC Girls-10 2024"]
[Site "Montesilvano"]
[Date "2024.11.18"]
[Round "4.8"]
[White "Jaksa, Ema"]
[Black "Norkulova, Malika"]
[Result "1-0"]
[Annotator "NA RC"]
[ECO "B23"]
[WhiteElo "1635"]
[BlackElo "1480"]
[PlyCount "119"]
[EventDate "2024.11.18"]
[EventType "swiss"]
[EventCountry "ITA"]
[SourceTitle "playchess.com"]
[Source "ChessBase"]
[SourceQuality "1"]
[TimeControl "5400+30"]

1. e4 c5 2. Nc3 a6 3. g3 b5 4. Bg2 Bb7 5. Nge2 e6 6. O-O Nf6 7. f4 b4 8. e5 Bxg2 9. Kxg2 bxc3 10. exf6 Qxf6 11. Nxc3 h5 12. f5 Qe7 13. f6 Qd6 14. Qf3 Qc6 15. Ne4 g6 16. h4 Ra7 17. d3 d6 18. Bf4 Rb7 19. b3 d5 20. Ng5 Nd7 21. c4 Nb6 22. Rae1 Bh6 23. Re5 Bxg5 24. Bxg5 Rc7 25. cxd5 Nxd5 26. Rc1 Qd6 27. Bf4 Nxf4+ 28. gxf4 Kd7 29. Qe3 Rhc8 30. Rc4 Ke8 31. Qe4 Kf8 32. Qe3 Ke8 33. Rce4 Kd7 34. d4 cxd4 35. Rxd4 Rc2+ 36. Kf3 R8c3 37. Rxd6+ Kxd6 38. Ra5 Rxe3+ 39. Kxe3 Rc6 40. Kd4 Rb6 41. Kc4 Rc6+ 42. Kd4 Rb6 43. a3 Rxb3 44. Rxa6+ Kd7 45. Ra7+ Ke8 46. a4 Rf3 47. Ke4 Rf1 48. a5 Re1+ 49. Kf3 Rf1+ 50. Kg3 Rg1+ 51. Kf2 Ra1 52. a6 Ra2+ 53. Ke3 Ra4 54. Ra8+ Kd7 55. a7 Ra3+ 56. Kd4 Ra4+ 57. Kc5 Ra5+ 58. Kb6 Ra1 59. Rf8 Rb1+ 60. Kc5 1-0

[Event "FIDE WCCC Girls-10 2024"]
[Site "Montesilvano"]
[Date "2024.11.18"]
[Round "4.9"]
[White "Yunker, Alisa Genrietta"]
[Black "Malcheva, Niya"]
[Result "1-0"]
[Annotator "NA RC"]
[ECO "D20"]
[WhiteElo "1872"]
[BlackElo "1620"]
[PlyCount "99"]
[EventDate "2024.11.18"]
[EventType "swiss"]
[EventCountry "ITA"]
[SourceTitle "playchess.com"]
[Source "ChessBase"]
[SourceQuality "1"]
[TimeControl "5400+30"]

1. d4 d5 2. c4 dxc4 3. Nc3 Bd7 4. a4 c6 5. a5 Nf6 6. e4 Be6 7. Bg5 Nbd7 8. d5 cxd5 9. exd5 Bg4 10. Qd4 h6 11. Bf4 e5 12. dxe6 Bxe6 13. Bxc4 Bc5 14. Qd3 Bxc4 15. Qxc4 O-O 16. Nge2 Qe7 17. O-O Rac8 18. Qd3 Rfd8 19. Qf3 b6 20. Ng3 Ne5 21. Bxe5 Qxe5 22. Rfe1 Qd4 23. Nf5 Qg4 24. Nxh6+ gxh6 25. Qxf6 Rd6 26. Qe5 Qb4 27. Nd5 Bxf2+ 28. Kxf2 Qd2+ 29. Re2 Qxd5 30. Qxd5 Rxd5 31. axb6 axb6 32. Ra7 Rd6 33. g3 Rf6+ 34. Kg2 Kg7 35. Rb7 Rc4 36. Kh3 Rf5 37. Rxb6 Rc1 38. Rb4 Rb1 39. Rg4+ Kf8 40. Rd4 Rb5 41. Rdd2 Rg1 42. Rg2 Re1 43. Rde2 Rc1 44. Rgf2 Rg1 45. Kg4 Rc1 46. Rc2 Rd1 47. Rc8+ Kg7 48. Rc7 Kg6 49. Rcxf7 Rxb2 50. R2f6# 1-0

[Event "FIDE WCCC Girls-10 2024"]
[Site "Montesilvano"]
[Date "2024.11.18"]
[Round "4.10"]
[White "Rosset, Anna"]
[Black "Pooja Shree R"]
[Result "0-1"]
[Annotator "NA RC"]
[ECO "B22"]
[WhiteElo "1814"]
[BlackElo "1615"]
[PlyCount "160"]
[EventDate "2024.11.18"]
[EventType "swiss"]
[EventCountry "ITA"]
[SourceTitle "playchess.com"]
[Source "ChessBase"]
[SourceQuality "1"]
[TimeControl "5400+30"]

1. e4 c5 2. c3 Nf6 3. e5 Nd5 4. d4 cxd4 5. cxd4 d6 6. Nf3 Nc6 7. Be2 g6 8. O-O Bg7 9. exd6 Qxd6 10. Nc3 O-O 11. Ne4 Qd8 12. Be3 Bf5 13. Ng3 Bg4 14. Qd2 Nf6 15. h3 Be6 16. Rfd1 Bd5 17. b3 a5 18. Bh6 a4 19. Bxg7 Kxg7 20. Qe3 Qb6 21. Bc4 Rad8 22. Ne5 Bxc4 23. Nxc4 Qc7 24. Rac1 axb3 25. axb3 Rd5 26. Ne5 Qd6 27. Nc4 Qc7 28. Ne5 Qd6 29. Nc4 Qd8 30. Ne2 e5 31. Qg3 exd4 32. Nf4 Rd7 33. Nd3 b5 34. Na3 Qb6 35. Ne5 Nxe5 36. Qxe5 Rd5 37. Qg3 Rfd8 38. Rd3 R8d6 39. Rcd1 Qc5 40. Nb1 Ne4 41. Qf3 Re6 42. Nd2 Nc3 43. Rf1 Rf5 44. Qg4 h5 45. Qh4 Ne2+ 46. Kh1 Qc2 47. Rxd4 Nxd4 48. Qxd4+ Kh7 49. Nf3 Qxb3 50. Qh4 Rxf3 51. gxf3 Qxf3+ 52. Kh2 Re4 53. Qg3 Qxg3+ 54. Kxg3 Rb4 55. Rd1 Rb3+ 56. Kg2 b4 57. Rd7 Kg7 58. Rb7 Kf6 59. Kf1 Rb2 60. Kg2 Ke6 61. Kf1 b3 62. Ke1 h4 63. Rb4 g5 64. Kf1 f6 65. Kg2 Kd5 66. Rb8 Kc4 67. Rc8+ Kd3 68. Kf3 Rd2 69. Rb8 b2 70. Kg2 Kc2 71. Rc8+ Kd1 72. Rb8 Kc1 73. Kf3 b1=Q 74. Rxb1+ Kxb1 75. Kg4 Rxf2 76. Kh5 Rf4 77. Kg6 g4 78. hxg4 h3 79. g5 fxg5 80. Kxg5 Rf1 0-1

[Event "FIDE WCCC Girls-10 2024"]
[Site "Montesilvano"]
[Date "2024.11.18"]
[Round "4.11"]
[White "Rzadkowska, Lila"]
[Black "Macakova, Bianka"]
[Result "1/2-1/2"]
[Annotator "NA RC"]
[ECO "A85"]
[WhiteElo "1765"]
[BlackElo "1610"]
[PlyCount "122"]
[EventDate "2024.11.18"]
[EventType "swiss"]
[EventCountry "ITA"]
[SourceTitle "playchess.com"]
[Source "ChessBase"]
[SourceQuality "1"]
[TimeControl "5400+30"]

1. d4 f5 2. Nf3 Nf6 3. c4 g6 4. Nc3 Bg7 5. Bf4 O-O 6. e3 d6 7. h3 c6 8. Rc1 Qe8 9. Be2 Nbd7 10. d5 Nc5 11. O-O Nfe4 12. Nxe4 Nxe4 13. Qb3 h6 14. c5 g5 15. dxc6+ Kh8 16. cxd6 bxc6 17. Be5 g4 18. Bxg7+ Kxg7 19. dxe7 Qxe7 20. hxg4 fxg4 21. Nd2 Nxd2 22. Qc3+ Kg8 23. Qxd2 Bd7 24. Qd4 h5 25. Bc4+ Kh7 26. Bd3+ Bf5 27. Rxc6 Rf7 28. Bxf5+ Rxf5 29. Qd6 Qxd6 30. Rxd6 Raf8 31. Ra6 R8f7 32. a4 g3 33. f3 Re5 34. e4 Rb7 35. Rb1 Rc5 36. Kf1 Rc2 37. b4 Rd7 38. Ra5 Rdd2 39. Rxh5+ Kg6 40. Rh4 Rf2+ 41. Kg1 Rxg2+ 42. Kh1 Kg5 43. Rh7 Kf4 44. a5 Kxf3 45. e5 Rh2+ 46. Rxh2 Rxh2+ 47. Kg1 Rg2+ 48. Kf1 Rf2+ 49. Ke1 Rh2 50. Rb3+ Kf4 51. Kf1 Rh1+ 52. Kg2 Rh2+ 53. Kg1 Kxe5 54. b5 Ra2 55. b6 axb6 56. Rb5+ Kd6 57. axb6 Ra8 58. Kg2 Rb8 59. Kxg3 Kc6 60. Rb1 Rxb6 61. Rxb6+ Kd5 1/2-1/2

[Event "FIDE WCCC Girls-10 2024"]
[Site "Montesilvano"]
[Date "2024.11.18"]
[Round "4.12"]
[White "Rekhviashvili, Mariam"]
[Black "Samhita Pungavanam"]
[Result "0-1"]
[Annotator "NA RC"]
[ECO "B15"]
[WhiteElo "1610"]
[BlackElo "1752"]
[PlyCount "46"]
[EventDate "2024.11.18"]
[EventType "swiss"]
[EventCountry "ITA"]
[SourceTitle "playchess.com"]
[Source "ChessBase"]
[SourceQuality "1"]
[TimeControl "5400+30"]

1. e4 c6 2. d4 d5 3. Nc3 dxe4 4. Nxe4 Nf6 5. Nxf6+ exf6 6. c3 Bd6 7. Bd3 O-O 8. Qc2 Re8+ 9. Ne2 h5 10. O-O h4 11. h3 Nd7 12. Be3 Nf8 13. Rad1 Be6 14. Rfe1 Rc8 15. Bf4 Bxf4 16. Nxf4 Qd6 17. Nxe6 Nxe6 18. Bf5 Rcd8 19. Qb3 Nf4 20. Qxb7 Qd5 21. Be4 Rxe4 22. Rxe4 Qxe4 23. Kf1 Re8 0-1

[Event "FIDE WCCC Girls-10 2024"]
[Site "Montesilvano"]
[Date "2024.11.18"]
[Round "4.13"]
[White "Bakhshi, Rana"]
[Black "Milojevic, Dunja"]
[Result "1/2-1/2"]
[Annotator "NA RC"]
[ECO "E27"]
[WhiteElo "1727"]
[BlackElo "1610"]
[PlyCount "118"]
[EventDate "2024.11.18"]
[EventType "swiss"]
[EventCountry "ITA"]
[SourceTitle "playchess.com"]
[Source "ChessBase"]
[SourceQuality "1"]
[TimeControl "5400+30"]

1. d4 Nf6 2. c4 e6 3. Nc3 Bb4 4. a3 Bxc3+ 5. bxc3 O-O 6. f3 d5 7. cxd5 exd5 8. e3 Bf5 9. Ne2 c6 10. Ng3 Bg6 11. Bd3 Nbd7 12. O-O Re8 13. Re1 c5 14. e4 cxd4 15. cxd4 Qb6 16. Bc2 Rac8 17. Rb1 Qc7 18. Rb2 Nb6 19. Bb1 Nh5 20. Nxh5 Bxh5 21. g4 Bg6 22. Qe2 Qc3 23. Rb4 Re6 24. Bb2 Qc7 25. Rc1 Qd7 26. Rxc8+ Nxc8 27. Rb5 a6 28. Rc5 dxe4 29. fxe4 Ne7 30. h4 h6 31. h5 Bh7 32. g5 Kh8 33. Qg2 Nc8 34. d5 Re8 35. gxh6 f6 36. Qg3 Nd6 37. e5 Bxb1 38. hxg7+ Kg8 39. exd6 Re4 40. Rc7 Qe8 41. Re7 Rxe7 42. dxe7 Qxe7 43. d6 Qd8 44. Qb3+ Kxg7 45. Qxb7+ Kh6 46. Bc1+ Kxh5 47. Qxb1 Qxd6 48. Qh7+ Kg4 49. Qg8+ Kf5 50. Qh7+ Ke6 51. Qh3+ Kf7 52. Qb3+ Kg7 53. Qb7+ Kg6 54. Qe4+ Kf7 55. Qc4+ Kg7 56. Qg4+ Kf7 57. Qc4+ Kg7 58. Qg4+ Kf7 59. Qc4+ Kg7 1/2-1/2

[Event "FIDE WCCC Girls-10 2024"]
[Site "Montesilvano"]
[Date "2024.11.18"]
[Round "4.14"]
[White "Bhavanya Panchumarthi"]
[Black "Xin, Lisa J."]
[Result "1-0"]
[Annotator "NA RC"]
[ECO "D13"]
[WhiteElo "1703"]
[BlackElo "1602"]
[PlyCount "75"]
[EventDate "2024.11.18"]
[EventType "swiss"]
[EventCountry "ITA"]
[SourceTitle "playchess.com"]
[Source "ChessBase"]
[SourceQuality "1"]
[TimeControl "5400+30"]

1. d4 d5 2. c4 c6 3. cxd5 cxd5 4. Nc3 Nc6 5. Nf3 Nf6 6. Bf4 Bf5 7. Rc1 a6 8. Ne5 Rc8 9. Qa4 e6 10. e3 Be7 11. Nxc6 Rxc6 12. Bxa6 O-O 13. Bxb7 Rb6 14. Bc6 Rxb2 15. a3 Bd3 16. Qa7 Qc8 17. Bc7 Ne8 18. Bxe8 Rxe8 19. Rd1 Bc2 20. Rd2 Bxa3 21. Qxa3 Rb3 22. Qa5 Re7 23. Bd6 Rd7 24. Bc5 Be4 25. O-O Rdb7 26. Nxe4 dxe4 27. Ra2 g6 28. h3 R7b5 29. Qa8 Rb8 30. Qxe4 Qc7 31. Ra7 Qc8 32. Bd6 R8b7 33. Rfa1 Rxa7 34. Rxa7 Qc1+ 35. Kh2 Rb6 36. Ra8+ Kg7 37. Bf8+ Kf6 38. Qf4# 1-0

[Event "FIDE WCCC Girls-10 2024"]
[Site "Montesilvano"]
[Date "2024.11.18"]
[Round "4.15"]
[White "Saltkhutsishvili, Sara"]
[Black "Meng, Miranda"]
[Result "1/2-1/2"]
[Annotator "NA RC"]
[ECO "B14"]
[WhiteElo "1546"]
[BlackElo "1675"]
[PlyCount "138"]
[EventDate "2024.11.18"]
[EventType "swiss"]
[EventCountry "ITA"]
[SourceTitle "playchess.com"]
[Source "ChessBase"]
[SourceQuality "1"]
[TimeControl "5400+30"]

1. e4 c6 2. d4 d5 3. exd5 cxd5 4. c4 Nf6 5. Nc3 g6 6. cxd5 Bg7 7. Bc4 O-O 8. Nge2 Nbd7 9. O-O Nb6 10. Bb3 Nbxd5 11. Nxd5 Nxd5 12. Nc3 Nb6 13. Be3 Bf5 14. Qd2 Qd7 15. Rad1 Rfd8 16. Rfe1 Bg4 17. f3 Be6 18. Bxe6 Qxe6 19. b3 Qc6 20. Ne4 Rac8 21. Rc1 Qd5 22. Rc5 Qd7 23. Rxc8 Rxc8 24. Nc5 Qd5 25. Rd1 e5 26. Ne4 exd4 27. Bxd4 Bxd4+ 28. Qxd4 Qxd4+ 29. Rxd4 Rc1+ 30. Kf2 Rc2+ 31. Kg3 Rxa2 32. Nc5 Ra5 33. b4 Ra2 34. Nxb7 Rc2 35. Nd6 Kg7 36. Re4 Nd5 37. b5 Rd2 38. Ra4 Nb6 39. Ne8+ Kf8 40. Re4 Rd5 41. Nc7 Rc5 42. Re8+ Kg7 43. Na6 Rxb5 44. Re7 Nc8 45. Re8 Ra5 46. Rxc8 Rxa6 47. Ra8 Ra1 48. Kh4 a5 49. Ra7 a4 50. Kg4 Kf6 51. Ra5 h6 52. g3 Ke6 53. h3 a3 54. Kf4 a2 55. Kg4 f5+ 56. Kh4 g5+ 57. Kh5 Kf6 58. Kxh6 g4 59. fxg4 fxg4 60. h4 Rg1 61. Ra6+ Kf5 62. Ra5+ Ke4 63. Ra4+ Kf3 64. Ra3+ Kg2 65. Rxa2+ Kxg3 66. Kg5 Kh3 67. h5 g3 68. h6 Rb1 69. h7 Rb8 1/2-1/2

[Event "FIDE WCCC Girls-10 2024"]
[Site "Montesilvano"]
[Date "2024.11.18"]
[Round "4.16"]
[White "Sobirova, Mumtozbegim"]
[Black "Constantin-Ciuntu, Anne-Sophie"]
[Result "0-1"]
[Annotator "NA RC"]
[ECO "B01"]
[WhiteElo "1476"]
[BlackElo "1672"]
[PlyCount "90"]
[EventDate "2024.11.18"]
[EventType "swiss"]
[EventCountry "ITA"]
[SourceTitle "playchess.com"]
[Source "ChessBase"]
[SourceQuality "1"]
[TimeControl "5400+30"]

1. e4 d5 2. exd5 Nf6 3. Nc3 Nxd5 4. d4 g6 5. Nf3 Bg7 6. Bc4 c6 7. O-O O-O 8. h3 Bf5 9. a3 Nxc3 10. bxc3 Qc7 11. Be3 Rd8 12. Qe2 Nd7 13. Ng5 Nf8 14. Nxf7 Rdb8 15. Nh6+ Kh8 16. Nf7+ Kg8 17. Ng5+ Kh8 18. Qf3 Qa5 19. Bf4 b5 20. Bb3 Rc8 21. Nf7+ Kg8 22. Nd6+ Kh8 23. Nxc8 Rxc8 24. Rfe1 Bf6 25. Be5 Qd8 26. Bxf6+ exf6 27. Rad1 Qd6 28. d5 c5 29. c4 bxc4 30. Bxc4 Bxc2 31. Rd2 Bf5 32. Rde2 Bd7 33. Qc3 g5 34. Re7 Ng6 35. Rxd7 Qxd7 36. Qxf6+ Qg7 37. Qa6 Rf8 38. d6 Qd4 39. Rf1 Ne5 40. Ba2 Nd3 41. Bb1 Nxf2 42. d7 Nd3+ 43. Kh2 Qe5+ 44. Kg1 Rxf1+ 45. Kxf1 Qe1# 0-1

[Event "FIDE WCCC Girls-10 2024"]
[Site "Montesilvano"]
[Date "2024.11.18"]
[Round "4.17"]
[White "Mohamed Ahmed, Ghidaa"]
[Black "Zhumambayeva Aliya"]
[Result "0-1"]
[Annotator "NA RC"]
[ECO "C54"]
[WhiteElo "1638"]
[BlackElo "1607"]
[PlyCount "150"]
[EventDate "2024.11.18"]
[EventType "swiss"]
[EventCountry "ITA"]
[SourceTitle "playchess.com"]
[Source "ChessBase"]
[SourceQuality "1"]
[TimeControl "5400+30"]

1. e4 e5 2. Nf3 Nc6 3. Bc4 Bc5 4. d3 d6 5. c3 Nf6 6. Nbd2 a6 7. a4 Ba7 8. O-O O-O 9. b4 Bg4 10. Re1 Qe7 11. Nf1 Bh5 12. Be3 Rfe8 13. Bxa7 Nxa7 14. Ng3 Bg6 15. Qc2 c6 16. Rad1 Qc7 17. h3 d5 18. Bb3 Rad8 19. Qc1 h6 20. c4 dxe4 21. dxe4 c5 22. Qe3 b6 23. bxc5 bxc5 24. Bc2 Nc8 25. Rd3 Rxd3 26. Bxd3 Nd6 27. Nd2 Qc6 28. Bc2 Nd7 29. a5 f6 30. f3 Bf7 31. Qc3 Rb8 32. Rb1 Rxb1+ 33. Bxb1 Kf8 34. Bd3 Nb7 35. Qa3 Qc7 36. Nb3 Qd6 37. Be2 Be6 38. Qc1 Nb8 39. Qa3 Nc6 40. Kh2 Nd4 41. Nxd4 exd4 42. Qb3 Nxa5 43. Qa4 Qb6 44. Nh5 Qb4 45. Qa2 Qc3 46. Nf4 Bf7 47. Qa4 Be8 48. Qa2 Bf7 49. Qa4 Ke7 50. Bf1 Qd2 51. Nd5+ Bxd5 52. exd5 Qf4+ 53. Kg1 Qc7 54. Bd3 Nb7 55. Qxa6 Nd6 56. Qa2 Qb7 57. Qe2+ Kf8 58. Qe6 Qe7 59. Qxe7+ Kxe7 60. Kf2 Kd7 61. g4 g5 62. Ke2 Kc7 63. Kd2 Nb7 64. Kc2 Nd8 65. Bg6 Nb7 66. Be4 Nd6 67. Kd3 Nf7 68. Kc2 Ne5 69. Kb3 Kd6 70. Ka4 Nxc4 71. Kb5 Ne3 72. Ka4 Nxd5 73. Bd3 Nf4 74. Bf1 Kd5 75. Kb5 d3 0-1

[Event "FIDE WCCC Girls-10 2024"]
[Site "Montesilvano"]
[Date "2024.11.18"]
[Round "4.18"]
[White "Li, Grace"]
[Black "Bayramova, Aya"]
[Result "0-1"]
[Annotator "NA RC"]
[ECO "B51"]
[WhiteElo "1529"]
[BlackElo "1634"]
[PlyCount "80"]
[EventDate "2024.11.18"]
[EventType "swiss"]
[EventCountry "ITA"]
[SourceTitle "playchess.com"]
[Source "ChessBase"]
[SourceQuality "1"]
[TimeControl "5400+30"]

1. e4 c5 2. c3 Nc6 3. Nf3 d6 4. Bb5 Bd7 5. O-O Nf6 6. Re1 g6 7. Bxc6 Bxc6 8. d3 Bg7 9. Bg5 O-O 10. Nbd2 Rc8 11. Rc1 b5 12. d4 cxd4 13. cxd4 Qb6 14. b4 Rfe8 15. d5 Bd7 16. Nb3 Rc4 17. Rxc4 bxc4 18. Nbd4 Qxb4 19. Qc1 Rc8 20. Re2 c3 21. e5 Nxd5 22. Nc2 Qc4 23. Re1 dxe5 24. Bh6 f6 25. Bxg7 Kxg7 26. Ne3 Nxe3 27. Rxe3 c2 28. Ne1 Qxa2 29. Re2 Qb1 30. Nd3 Bb5 31. Re1 Bxd3 32. f3 Qb6+ 33. Kh1 Qf2 34. Rg1 Rb8 35. Qe1 Qxe1 36. Rxe1 Rb1 37. h3 Rxe1+ 38. Kh2 c1=Q 39. Kg3 Qf4+ 40. Kf2 Rf1# 0-1